 Dungeon Crawl Stone Soup version 0.18.1-48-g4cf74bf (webtiles) character file.

98 Gargoyl the Skirmisher (level 4, -19/35 HPs)
             Began as a Demonspawn Abyssal Knight on Sept 5, 2016.
             Was a Follower of Lugonu.
             Engulfed by a cloud of flame (22 damage)
             ... on level 3 of the Dungeon.
             The game lasted 00:04:27 (3376 turns).

Gargoyl the Skirmisher (Demonspawn Abyssal Knight)  Turns: 3376, Time: 00:04:28

Health: -19/35     AC:  7    Str: 18      XL:     4   Next: 43%
Magic:  5/5        EV: 11    Int: 13      God:    Lugonu [*.....]
Gold:   73         SH:  4    Dex: 11 (13) Spells: 0 memorised, 3 levels left

rFire  . . .     SeeInvis .     a - +1 hand axe
rCold  . . .     Gourm    .     j - +0 scale mail
rNeg   + . .     Faith    .     g - +1 buckler
rPois  .         Spirit   .     (no helmet)
rElec  .         Dismiss  .     (no cloak)
rCorr  .         Reflect  .     (no gloves)
SustAt .         Harm     .     (no boots)
MR     .....                    (no amulet)
Stlth  +.........               l - +2 ring of evasion
                                e - ring of positive energy

@: mighty, lethally poisoned (-19 -> -22), not resistant to hostile
enchantments, very unstealthy
A: icy blue scales 1, nightstalker 1, powered by pain 1
a: Depart the Abyss, Renounce Religion


You were on level 3 of the Dungeon.
You worshipped Lugonu.
Lugonu was aware of your devotion.
You were very hungry.

You visited 1 branch of the dungeon, and saw 3 of its levels.
You visited the Abyss 1 time.

You collected 73 gold pieces.

Inventory:

Hand Weapons
 a - a +1 hand axe (weapon)
Armour
 g - a +1 buckler (worn)
 j - a +0 scale mail (worn)
Jewellery
 e - a ring of positive energy (left hand)
 l - a +2 ring of evasion (right hand)
Scrolls
 m - a scroll of amnesia {unknown}
 n - 3 scrolls of teleportation {unknown}
Comestibles
 c - a bread ration


   Skills:
 + Level 3.2 Fighting
 + Level 2.2 Axes
 * Level 3.2 Armour
 + Level 1.7 Dodging
 + Level 0.5 Shields
 + Level 2.5 Invocations


You had 3 spell levels left.
You didn't know any spells.

Dungeon Overview and Level Annotations

Branches:
Dungeon (3/15)

Altars:
Elyvilon
Trog


Innate Abilities, Weirdness & Mutations

You are partially covered in icy blue scales (AC +1).
You are slightly more attuned to the shadows.
You sometimes gain a little power by taking damage.


Message History

The adder is severely wounded.
The adder barely misses you. The adder bites you but does no damage.
Unknown command.
You hit the adder.
The adder is almost dead.
The adder bites you. The dart slug launches a dart at you.
The slug dart hits you! The adder bites you but does no damage.
You hit the adder.
The adder explodes!
The fiery explosion engulfs you!
Ouch! That really hurt!
* * * LOW HITPOINT WARNING * * *
You focus on the pain.
You feel very mighty all of a sudden. Lugonu accepts your kill.
You feel your intelligence returning.
You are engulfed in roaring flames.
Ouch! That really hurt!
You die...

##... .. ....
... . #..##..
.. #. #.....
.$.
#.$###...##....
%...........#
....#@..#####
#...§.§†.......
....§.§<.######
.........#
.........#
##...##..w #...
##..# .$# ..#
#. #.#


You could see a dart slug.

Vanquished Creatures
  4 adders
  6 worms
  A dart slug (D:1)
  A giant gecko (D:2)
  4 giant cockroaches
  3 hobgoblins (D:2)
  9 kobolds
  2 quokkas (D:2)
  4 bats
  4 giant newts
  5 goblins
  3 rats
46 creatures vanquished.

Notes
Turn   | Place    | Note
--------------------------------------------------------------
     0 | Abyss:1  | Gargoyl the Demonspawn Abyssal Knight began the quest for the Orb.
     0 | Abyss:1  | Reached XP level 1. HP: 18/18 MP: 2/2
    22 | D:1      | Escaped the Abyss
   516 | D:1      | Reached skill level 1 in Dodging
   739 | D:1      | Gained mutation: You sometimes gain a little power by taking damage. [demonic ancestry]
   739 | D:1      | Reached XP level 2. HP: 13/24 MP: 3/3
  1768 | D:2      | Gained mutation: You are slightly more attuned to the shadows. [demonic ancestry]
  1768 | D:2      | Reached XP level 3. HP: 19/29 MP: 4/4
  2551 | D:2      | Reached * piety under Lugonu
  2551 | D:2      | Gained mutation: You are partially covered in icy blue scales (AC +1). [demonic ancestry]
  2551 | D:2      | Reached XP level 4. HP: 32/35 MP: 5/5
  2576 | D:2      | Found a white marble altar of Elyvilon.
  2776 | D:2      | Found a bloodstained altar of Trog.
  3376 | D:3      | Engulfed by a cloud of flame

Skill      XL: |  1  2  3  4 |
---------------+-------------+-----
Armour         | 2 3 |  3.2
Dodging        | 1 |  1.7
Axes           | 2 |  2.2
Fighting       | |  3.2
Shields        | |  0.5
Invocations    | |  2.5

Action                   |  1- 3 |  4- 6 || total
-------------------------+-------+-------++-------
Melee: Hand axe          |   154 |    38 ||   192
Invok: Depart the Abyss  |     1 |       ||     1
  Use: Potion            |     3 |       ||     3
       Scroll            |       |     5 ||     5
  Eat: Chunk             |     5 |     2 ||     7
Armor: Leather armour    |     5 |       ||     5
       Scale mail        |    37 |    31 ||    68
Dodge: Dodged            |    78 |    43 ||   121
Block: Buckler           |    19 |     9 ||    28
